 Dungeon Crawl Stone Soup version 0.26.0-10-g1f06aea511 (webtiles) character file.

Game seed: 15181205691769415358

17 CurlyBrace the Grasshopper (level 2, -1/13 HPs)
             Began as a Felid Warper on Jan 14, 2021.
             Slain by a leopard gecko (4 damage)
             ... on level 3 of the Dungeon.
             The game lasted 00:04:00 (231 turns).

CurlyBrace the Grasshopper (Felid Warper)            Turns: 231, Time: 00:04:01

Health: -1/13      AC:  1    Str:  7    XL:     2   Next: 44%
Magic:  6/6        EV: 18    Int: 14    God:
Gold:   21         SH:  0    Dex: 15    Spells: 3/5 levels left
                                        Lives:  0   Deaths: 0

rFire    . . .     SeeInvis +     - Unarmed
rCold    . . .     Faith    .   (shield unavailable)
rNeg     . . .     Spirit   .   (armour unavailable)
rPois    .         Reflect  .   (helmet unavailable)
rElec    .         Harm     .   (cloak unavailable)
rCorr    .         Rampage  .   (gloves unavailable)
Will     .....                  (boots unavailable)
Stlth    ++........             (no amulet)
HPRegen  0.04/turn              (no ring)
MPRegen  0.10/turn              (no ring)

@: quick
A: very small, no armour, no weapons or thrown items, stealth, claws 1, fangs 3,
see invisible, speed 1, shaggy fur 1, sharp paws
a: no special abilities


You were on level 3 of the Dungeon.
You visited 1 branch of the dungeon, and saw 3 of its levels.

You collected 21 gold pieces.

Inventory:

Jewellery
 b - a cursed amulet of inaccuracy {unknown}
   (You found it on level 3 of the Dungeon)
Wands
 a - a wand of disintegration (7)
   (You found it on level 3 of the Dungeon)
Scrolls
 z - a scroll of blinking


   Skills:
 - Level 2.0 Fighting
 - Level 3.2 Dodging
 + Level 2.2 Stealth
 + Level 2.6 Unarmed Combat
 - Level 2.0 Spellcasting
 - Level 4.4 Translocations


You had 3 spell levels left.
You knew the following spells:

 Your Spells              Type           Power        Failure   Level
a - Blink                 Tloc           N/A          6%          2

Your spell library contained the following spells:

 Spells                   Type           Power        Failure   Level
 Gell's Gravitas          Tloc           6%           12%         3
 Lesser Beckoning         Tloc           6%           12%         3
 Teleport Other           Tloc           13%          12%         3
 Passage of Golubria      Tloc           N/A          36%         4


Dungeon Overview and Level Annotations

Branches:
Dungeon (3/15)

Altars:
Fedhas
Uskayaw


Innate Abilities, Weirdness & Mutations

You cannot wear armour.
You are incapable of wielding weapons or throwing items.
Your paws allow you to move quietly. (Stealth)
You have sharp claws.
You have razor-sharp teeth.
You have supernaturally acute eyesight. (SInv)
You cover ground quickly.
You are covered in fur. (AC +1)
Your sharp claws are effective at attacking unaware monsters.


Message History

You see here a +0 short sword.
c - a scroll labelled WUMPAL MUNO
As you read the scroll labelled WUMPAL MUNO, it crumbles to dust.
Your nose twitches suddenly!
It was a scroll of random uselessness.
Memorise Blink, consuming 2 spell levels and leaving 3?
You start memorising the spell.
You continue memorising. x2
You finish memorising.
Spell assigned to 'a'.
A hobgoblin comes into view.
The hobgoblin shouts!
A leopard gecko comes into view.
The leopard gecko hisses angrily.
A worm comes into view.
Found 14 gold pieces.
Found a ring mail.
A kobold comes into view. It is wielding a -3 short sword.
The kobold shouts!
You hear a shout!
The kobold throws a stone.
The stone barely misses you.
You see here a stone.
The leopard gecko bites you.
You die...

#..#.....####)##
#........# #.#
###########.##.##.## ###
..................# #.
........###g#######...
#.#####.#.###.# ##...⌠.
............<.###......!
...............(l...$[..
......#.#.######@⌠.?....
......#.#.# #.....#..
...^..#.#.#######.......
..##.##.........#.wK....
................##......
................. ..⌠...
................. #...##
..#..##...#.###. .###
..............#


You could see a worm, a leopard gecko and a kobold.

Vanquished Creatures
  An adder (D:3)
  A bat (D:3)
  2 goblins
  2 kobolds
  3 rats
9 creatures vanquished.

Notes
Turn   | Place    | Note
-------+----------+-------------------------------------------
     0 | D:1      | CurlyBrace the Felid Warper began the quest for the Orb.
     0 | D:1      | Reached XP level 1. HP: 9/9 MP: 4/4
    75 | D:2      | Found a blossoming altar of Fedhas.
    80 | D:2      | Reached skill level 1 in Stealth
   118 | D:2      | Found a hide-covered altar of Uskayaw.
   156 | D:3      | Reached XP level 2. HP: 2/13 MP: 6/6
   212 | D:3      | Learned a level 2 spell: Blink
   231 | D:3      | Slain by a leopard gecko

Illustrated notes

Levels and vault maps discovered:
D:1:      psy_arrival_wood_between_worlds, layout_basic
D:2:      layout_loops_corners, makhleb_blood_cavern_becter,
          eat_drink_and_be_merry_uskayaw, overflow_temple_1_default,
          okawaru_trees_1, st_stairs_1, grunt_decor_one_mirror,
          fedhas_altar_fruit_tree
D:3:      minmay_skewed_foursquare, layout_basic, minmay_vboxes

Skill      XL: |  1 |
---------------+----+-----
Stealth        | 2 |  2.2
Fighting       | |  2.0
Dodging        | |  3.2
Unarmed Combat | |  2.6
Spellcasting   | |  2.0
Translocations | |  4.4

Action                   || total
-------------------------++-------
Melee: Unarmed           ||    10
Evoke: Wand              ||     4
  Use: Scroll            ||     2
       Potion            ||     2
 Stab: Sleeping          ||     1
Armor: Skin              ||     2
Dodge: Dodged            ||    17
